 Dungeon Crawl Stone Soup version 0.29.1-12-g30fa7ad0bf (webtiles) character file.

Game seed: 6560860715159342406

1425 zeram the Cudgeller (level 8, -2/70 (74) HPs)
             Began as a Troll Fighter on Dec 13, 2022.
             Slain by a wight
             ... wielding a +2 battleaxe
              (18 damage)
             ... on level 6 of the Dungeon.
             The game lasted 00:07:28 (4751 turns).

zeram the Cudgeller (Troll Fighter)                 Turns: 4751, Time: 00:07:29

HP:   -2/70 (74)    AC:  4    Str: 25    XL:     8   Next: 44%
MP:   7/7           EV:  9    Int:  6    God:
Gold: 80            SH:  7    Dex:  9    Spells: 5/7 levels left

rFire   . . .      SeeInvis +   s - +12 flail of Honesty {spect, rElec}
rCold   . . .      Faith    .   c - +0 kite shield
rNeg    . . .      Spirit   .   b - +0 robe
rPois   .          Reflect  .   (helmet restricted)
rElec   +          Harm     .   (no cloak)
rCorr   +          Rampage  .   (gloves unavailable)
Will    .....                   (boots unavailable)
Stlth   +.........              (no amulet)
HPRegen 1.01/turn               j - ring of resist corrosion
MPRegen 0.10/turn               n - ring of see invisible

@: drained
A: large, unfitting armour, claws 3, regeneration 1, shaggy fur 1, tough skin 1
a: no special abilities


You were on level 6 of the Dungeon.
You visited 1 branch of the dungeon, and saw 6 of its levels.

You collected 250 gold pieces.
You spent 170 gold pieces at shops.

Inventory:

Hand Weapons
 a - a +0 flail
 d - a +0 vorpal mace
 q - a +0 flail of holy wrath
 s - the +12 flail of Honesty (weapon) {spect, rElec}
   (You bought it in a shop on level 4 of the Dungeon)

   When its wielder attacks, the weapon's spirit leaps out and strikes again.
   The spirit shares a part of any damage it takes with its wielder.
   rElec:     It insulates you from electricity.
Armour
 b - a +0 robe (worn)
 c - a +0 kite shield (worn)
Jewellery
 j - a ring of resist corrosion (left claw)
 n - a ring of see invisible (right claw)
 r - an amulet of regeneration
 x - a ring of flight
Wands
 f - a wand of iceblast (5)
 o - a wand of light (6)
 p - a wand of flame (50)
 u - a wand of paralysis (6)
 y - a wand of digging (3)
Scrolls
 i - 4 scrolls of teleportation
 z - a scroll of immolation {unknown}
Potions
 e - 2 potions of curing
 g - a potion of mutation {unknown}
 h - a potion of haste
 k - 2 potions of attraction {unknown}
 l - a potion of ambrosia {unknown}
 m - a potion of cancellation {unknown}
 t - a potion of lignification {unknown}
 v - a potion of might


   Skills:
 - Level 2.6 Fighting
 + Level 7.0 Maces & Flails
 + Level 5.0 Dodging
 - Level 3.1 Shields
 * Level 3.2 Summonings


You had 5 spell levels left.
You knew the following spells:

 Your Spells              Type           Power      Damage    Failure   Level
a - Call Imp              Summ           3%         N/A       43%         2

Your spell library contained the following spells:

 Spells                   Type           Power      Damage    Failure   Level
 Foxfire                  Conj/Fire      0%         2x1d4     75%         1
 Magic Dart               Conj           0%         1d3       75%         1
 Conjure Flame            Conj/Fire      0%         6-21      98%         3
 Frozen Ramparts          Ice            0%         1d1       98%         3
 Inner Flame              Hex/Fire       0%         N/A       98%         3
 Mephitic Cloud           Conj/Pois/Air  0%         N/A       98%         3
 Summon Ice Beast         Ice/Summ       1%         N/A       99%         4
 Flame Wave               Conj/Fire      0%         2d4       100%        4
 Hailstorm                Conj/Ice       0%         3d3       100%        4
 Ice Form                 Ice/Tmut       0%         N/A       100%        4
 Simulacrum               Ice/Necr       0%         N/A       100%        6


Dungeon Overview and Level Annotations

Branches:
Dungeon (6/15)
 Temple: D:4-7

Altars:
Elyvilon

Shops:
D:4 (

Annotations:
D:4 2 transporters


Innate Abilities, Weirdness & Mutations

You are too large for most types of armour.
You have claws for hands.
Your natural rate of healing is unusually fast.
You are covered in fur. (AC +1)
You have tough skin. (AC +1)


Message History

You kill the iguana!
Something barely misses your +12 flail of Honesty {spect, rElec}.
The wight hits your +12 flail of Honesty {spect, rElec} with a +0 short sword.
Your spectral weapon shares its damage with you!
The wight hits you from afar with a +3 trident of freezing!
The wight freezes you.
You barely miss the wight.
Your +12 flail of Honesty {spect, rElec} hits the wight!!
You destroy the wight!
The wight completely misses your +12 flail of Honesty {spect, rElec}.
The wight hits you from afar with a +3 trident of freezing.
The wight freezes you.
Your Maces & Flails skill increases to level 7!
Your Dodging skill increases to level 5!
You swap places.
The wight hits you with a +3 trident of freezing!
The wight freezes you. You block the wight's attack.
Things that are here:
a +0 short sword; a +0 robe You hit the wight.
The wight is moderately damaged.
The wight barely misses you. The wight hits you with a +2 battleaxe!
You feel drained.
Unknown command.
You are too injured to fight recklessly!
You are too injured to fight recklessly!
Unknown command.
You completely miss the wight.
The wight is moderately damaged.
The wight hits you with a +3 trident of freezing!
You feel drained. The wight freezes you. The wight misses you.
Unknown command.
You barely miss the wight.
The wight is moderately damaged.
The wight hits you with a +3 trident of freezing!
* * * LOW HITPOINT WARNING * * *
The wight freezes you.
* * * LOW HITPOINT WARNING * * *
The wight hits you with a +2 battleaxe!!
You die...

...........
..........
#.........
....... ###
........>#
#...#.#.#
#.zz..#.#
#.###@###.#
#..[......#
#####..##.#
#~...##)######
#~~~~#..)......
#~~~~###.........
~~~###...........
### #'###.######
#.# #.# .#


You could see 2 wights.

Vanquished Creatures
  Edmund (D:4)
  A water moccasin (D:6)
  An ogre (D:6)
  A centaur (D:6)
  A scorpion (D:4)
  6 wights (D:6)
  A howler monkey (D:5)
  3 hounds
  A jelly (D:6)
  2 orc priests
  A gnoll bouda (D:5)
  5 iguanas
  2 orc wizards (D:3)
  Robin (D:3)
  5 gnolls (D:5)
  5 adders
  A white imp (D:5)
  2 ufetubi (D:5)
  A dart slug (D:5)
  22 orcs
  6 ball pythons
  3 endoplasms
  2 giant cockroaches (D:2)
  13 goblins
  9 hobgoblins
  8 jackals
  3 quokkas
  5 bats
  3 frilled lizards
  5 kobolds
  5 rats
125 creatures vanquished.

Vanquished Creatures (others)
  2 plants (D:2)
2 creatures vanquished.

Grand Total: 127 creatures vanquished

Notes
Turn   | Place    | Note
-------+----------+-------------------------------------------
     0 | D:1      | zeram the Troll Fighter began the quest for the Orb.
     0 | D:1      | Reached XP level 1. HP: 22/22 MP: 0/0
   153 | D:1      | Reached XP level 2. HP: 29/29 MP: 1/1
   195 | D:1      | Found a faded altar of an unknown god.
   828 | D:2      | Reached skill level 2 in Maces & Flails
  1105 | D:2      | Reached XP level 3. HP: 36/36 MP: 2/2
  1123 | D:2      | Learned a level 2 spell: Call Imp
  1822 | D:3      | Reached XP level 4. HP: 44/44 MP: 3/3
  1934 | D:3      | Reached skill level 3 in Maces & Flails
  2117 | D:3      | Reached skill level 1 in Summonings
  2117 | D:3      | Reached XP level 5. HP: 35/50 MP: 4/4
  2353 | D:3      | Noticed Robin
  2394 | D:3      | Killed Robin
  2788 | D:4      | Found a white marble altar of Elyvilon.
  2794 | D:4      | Identified the +0 robe of Sin {+Blink rN++ Dex-5 Slay+2}
  2942 | D:4      | HP: 2/50 [poisoned by a scorpion]
  2946 | D:4      | Reached skill level 4 in Maces & Flails
  3086 | D:4      | Reached XP level 6. HP: 22/59 MP: 5/5
  3140 | D:4      | Noticed Edmund
  3159 | D:4      | Killed Edmund
  3236 | D:4      | Found a transporter.
  3253 | D:4      | Found Edeg's Antique Weapon Boutique.
  3261 | D:4      | Found a transporter.
  3440 | D:5      | Entered Level 5 of the Dungeon
  3624 | D:4      | Bought a translucent flail for 170 gold pieces
  3624 | D:4      | Identified the +12 flail of Honesty {spect, rElec} (You
                  | bought it in a shop on level 4 of the Dungeon)
  3844 | D:5      | Reached skill level 5 in Maces & Flails
  3844 | D:5      | Reached XP level 7. HP: 52/66 MP: 6/6
  4557 | D:6      | Reached skill level 6 in Maces & Flails
  4563 | D:6      | Reached XP level 8. HP: 19/74 MP: 7/7
  4748 | D:6      | Reached skill level 7 in Maces & Flails
  4748 | D:6      | Reached skill level 5 in Dodging
  4751 | D:6      | Slain by a wight

Illustrated notes

Levels and vault maps discovered:
D:1:      dpeg_arrival_more_subterranean_lakeside_camping, layout_basic,
          dreamdust_ecumenical_altar_grove, minmay_tetromino_i4
D:2:      cheibrodos_old_hovel, layout_loops_corners
D:3:      layout_basic, uniq_robin
D:4:      gammafunk_steamed_eel, layout_basic,
          mainiacjoe_overflow_six_doors_small, serial_shops,
          nicolae_shop_crystal, minivault_25, uniq_edmund
D:5:      layout_basic
D:6:      layout_basic, grunt_temple_overflow_open,
          chequers_serial_rivers_large_b, nicolae_figureground_sparkle

Skill      XL: |  1  2  3  4  5  6  7  8 |
---------------+-------------------------+-----
Shields        | 3 |  3.1
Maces & Flails | 2 3 4 5 6 7 |  7.0
Summonings     | 1 2 3 |  3.2
Dodging        | 3 4 5 |  5.0
Fighting       | |  2.6

Action                   |  1- 3 |  4- 6 |  7- 9 || total
-------------------------+-------+-------+-------++-------
Melee: Flail             |   128 |   173 |    38 ||   339
       Mace              |       |    56 |       ||    56
  Use: Scroll            |     3 |     5 |     2 ||    10
       Potion            |       |     4 |       ||     4
 Stab: Sleeping          |       |     1 |       ||     1
Armor: Robe              |    81 |    95 |     3 ||   179
Dodge: Dodged            |    86 |   100 |    13 ||   199
Block: Kite shield       |    60 |   112 |    17 ||   189
